| TOP OF THE 1ST |
|
Stockton Ports batting - Pitching for Stockton Mariners : LHP Randy Ford
|
|
Pitching: LHP Randy Ford
|
|
|
Batting: RHB Ramon Valdez
|
0-0: Called Strike 0-1: Ball 1-1: Called Strike 1-2: Ball 2-2: Ball 3-2: Ground out 6-3 (Groundball, 6, EV 101.9 MPH)
|
|
Batting: LHB Daniel Hoskins
|
0-0: SINGLE (Line Drive, 9S, EV 106.9 MPH)
|
|
Batting: RHB Pasquale Raimondo
|
0-0: Swinging Strike 0-1: Swinging Strike 0-2: Ball 1-2: Fielders Choice at 2nd, 5-4 (Groundball, 5L, EV 91.3 MPH)
|
|
Batting: SHB Tracy Edwards
|
0-0: Reached on error, E5 (Groundball, 5, EV 108.1 MPH) Pasquale Raimondo to second
|
|
Batting: LHB Christopher O'Brien
|
0-0: Ball 1-0: Ball 2-0: Foul Ball, location: 2F 2-1: Foul Ball, location: 2F 2-2: Ball 3-2: Foul Ball, location: 2F 3-2: Fly out, F3 (Popup, 23F, EV 88.8 MPH)
|
| Top of the 1st over - 0 runs, 1 hit, 1 error, 2 left on base; Stockton 0 - Stockton 0 |
| BOTTOM OF THE 1ST |
|
Stockton Mariners batting - Pitching for Stockton Ports : LHP Juan Corrales
|
|
Pitching: LHP Juan Corrales
|
|
|
Batting: LHB Harold Perkins
|
0-0: Ball 1-0: Swinging Strike 1-1: Ball 2-1: Swinging Strike 2-2: Strikes out swinging
|
|
Batting: LHB David Lanning
|
0-0: Ball 1-0: Called Strike 1-1: Swinging Strike 1-2: Ground out U3 (Groundball, 13, EV 83.1 MPH)
|
|
Batting: RHB Orlando Mercado
|
0-0: Ball 1-0: Ball 2-0: Ball 3-0: Base on Balls
|
|
Batting: LHB David Cawthon
|
0-0: Ball 1-0: Fly out, F8 (Line Drive, 8RD, EV 88.8 MPH)
|
| Bottom of the 1st over - 0 runs, 0 hits, 0 errors, 1 left on base; Stockton 0 - Stockton 0 |
| TOP OF THE 2ND |
|
Stockton Ports batting - Pitching for Stockton Mariners : LHP Randy Ford
|
|
Batting: SHB Jose Mercado
|
0-0: SINGLE (Groundball, 6D, EV 105.6 MPH)
|
|
Batting: RHB Chris Sabo
|
0-0: Fly out, F9 (Flyball, 89D, EV 91.9 MPH)
|
|
Batting: RHB Timothy Presko
|
0-0: Reached on error, E5 (Groundball, 15, EV 91.9 MPH) Jose Mercado to second
|
|
Batting: SHB Mike Hennessy
|
0-0: Called Strike 0-1: Foul Ball, location: 2F 0-2: Ball 1-2: SINGLE (Groundball, 34D, EV 95.0 MPH) Jose Mercado to third Timothy Presko to second Runner from 3rd tries for Home, SAFE, throw by RF to home
|
|
Batting: RHB Ramon Valdez
|
0-0: Called Strike 0-1: Fly out, F8 (Flyball, 8LM, EV 90.0 MPH)
|
|
Batting: LHB Daniel Hoskins
|
0-0: SINGLE (Groundball, 3D, EV 100.6 MPH) Timothy Presko to third Mike Hennessy to second Runner from 3rd tries for Home, SAFE, throw by RF to home
|
|
Batting: RHB Pasquale Raimondo
|
0-0: Swinging Strike 0-1: Ball 1-1: Ball 2-1: Called Strike 2-2: Foul Ball, location: 2F 2-2: Fly out, F9 (Flyball, 89M, EV 85.0 MPH)
|
| Top of the 2nd over - 2 runs, 3 hits, 1 error, 2 left on base; Stockton 2 - Stockton 0 |
| BOTTOM OF THE 2ND |
|
Stockton Mariners batting - Pitching for Stockton Ports : LHP Juan Corrales
|
|
Batting: LHB Joe Perna
|
0-0: Fly out, F6 (Popup, 6M, EV 60.0 MPH)
|
|
Batting: SHB Eddie Tanner
|
0-0: Ball 1-0: Called Strike 1-1: Ball 2-1: Ball 3-1: Fly out, F3 (Popup, 3S, EV 83.1 MPH)
|
|
Batting: RHB Robert Silverman
|
0-0: Ball 1-0: Called Strike 1-1: Fly out, F6 (Popup, 6M, EV 76.3 MPH)
|
| Bottom of the 2nd over - 0 runs, 0 hits, 0 errors, 0 left on base; Stockton 2 - Stockton 0 |
| TOP OF THE 3RD |
|
Stockton Ports batting - Pitching for Stockton Mariners : LHP Randy Ford
|
|
Batting: SHB Tracy Edwards
|
0-0: Foul Ball, location: 2F 0-1: Ball 1-1: SOLO HOME RUN (Flyball, 78XD, EV 98.1 MPH), Distance : 435 ft
|
|
Batting: LHB Christopher O'Brien
|
0-0: Called Strike 0-1: Called Strike 0-2: Ball 1-2: Strikes out swinging
|
|
Batting: SHB Jose Mercado
|
0-0: Called Strike 0-1: Ball 1-1: Ball 2-1: Swinging Strike 2-2: Strikes out swinging
|
|
Batting: RHB Chris Sabo
|
0-0: Ball 1-0: Fly out, F8 (Flyball, 89XD, EV 105.6 MPH)
|
| Top of the 3rd over - 1 run, 1 hit, 0 errors, 0 left on base; Stockton 3 - Stockton 0 |
| BOTTOM OF THE 3RD |
|
Stockton Mariners batting - Pitching for Stockton Ports : LHP Juan Corrales
|
|
Batting: LHB Victor Gavidia
|
0-0: Swinging Strike 0-1: SINGLE (Line Drive, 9S, EV 98.1 MPH)
|
|
Batting: RHB Brian Greer
|
0-0: Ball 1-0: Swinging Strike 1-1: Ball 2-1: Swinging Strike 2-2: Strikes out looking
|
|
Batting: LHB Harold Perkins
|
0-0: Ball 1-0: Ball 2-0: Called Strike 2-1: Fly out, F7 (Line Drive, 7, EV 91.9 MPH)
|
|
Batting: LHB David Lanning
|
0-0: Ball 1-0: Ball 2-0: Foul Ball, location: 2F 2-1: Foul Ball, location: 2F 2-2: Ball Victor Gavidia steals 2nd base 3-2: Foul Ball, location: 2F 3-2: Strikes out swinging
|
| Bottom of the 3rd over - 0 runs, 1 hit, 0 errors, 1 left on base; Stockton 3 - Stockton 0 |
| TOP OF THE 4TH |
|
Stockton Ports batting - Pitching for Stockton Mariners : LHP Randy Ford
|
|
Batting: RHB Timothy Presko
|
0-0: Called Strike 0-1: Ball 1-1: Swinging Strike 1-2: Ball 2-2: Strikes out swinging
|
|
Batting: SHB Mike Hennessy
|
0-0: Called Strike 0-1: Foul Ball, location: 2F 0-2: Ball 1-2: Foul Ball, location: 2F 1-2: Ball 2-2: Ground out 5-3 (Groundball, 5, EV 85.6 MPH)
|
|
Batting: RHB Ramon Valdez
|
0-0: Swinging Strike 0-1: Called Strike 0-2: Ball 1-2: Strikes out swinging
|
| Top of the 4th over - 0 runs, 0 hits, 0 errors, 0 left on base; Stockton 3 - Stockton 0 |
| BOTTOM OF THE 4TH |
|
Stockton Mariners batting - Pitching for Stockton Ports : LHP Juan Corrales
|
|
Batting: RHB Orlando Mercado
|
0-0: Ball 1-0: Called Strike 1-1: DOUBLE (Groundball, 5L, EV 96.9 MPH)
|
|
Batting: LHB David Cawthon
|
0-0: Called Strike 0-1: Ground out U3 (Groundball, 34, EV 98.1 MPH) Orlando Mercado to third
|
|
Batting: LHB Joe Perna
|
0-0: Ball 1-0: Foul Ball, location: 2F 1-1: Ball 2-1: Foul Ball, location: 2F 2-2: Fly out, F6 (Popup, 6, EV 75.6 MPH)
|
|
Batting: SHB Eddie Tanner
|
0-0: Ball 1-0: Ball 2-0: Ball 3-0: Called Strike 3-1: Base on Balls
|
|
Batting: RHB Robert Silverman
|
0-0: Called Strike 0-1: Ball 1-1: Ground out 4-3 (Groundball, 34, EV 83.1 MPH)
|
| Bottom of the 4th over - 0 runs, 1 hit, 0 errors, 2 left on base; Stockton 3 - Stockton 0 |
| TOP OF THE 5TH |
|
Stockton Ports batting - Pitching for Stockton Mariners : LHP Randy Ford
|
|
Batting: LHB Daniel Hoskins
|
0-0: Called Strike 0-1: Foul Ball, location: 2F 0-2: Ball 1-2: Ball 2-2: Strikes out swinging
|
|
Batting: RHB Pasquale Raimondo
|
0-0: Ball 1-0: Foul Ball, location: 2F 1-1: Fly out, F8 (Flyball, 8LS, EV 86.3 MPH)
|
|
Batting: SHB Tracy Edwards
|
0-0: Ball 1-0: SINGLE (Groundball, 4D, EV 102.5 MPH)
|
|
Batting: LHB Christopher O'Brien
|
0-0: Ball 1-0: Swinging Strike 1-1: Ball 2-1: Fly out, F4 (Popup, 4, EV 51.9 MPH)
|
| Top of the 5th over - 0 runs, 1 hit, 0 errors, 1 left on base; Stockton 3 - Stockton 0 |
| BOTTOM OF THE 5TH |
|
Stockton Mariners batting - Pitching for Stockton Ports : LHP Juan Corrales
|
|
Batting: LHB Victor Gavidia
|
0-0: DOUBLE (Groundball, 3L, EV 104.4 MPH)
|
|
Batting: RHB Brian Greer
|
0-0: Called Strike 0-1: Ball 1-1: Ground out 6-3 (Groundball, 6, EV 79.4 MPH) Victor Gavidia to third
|
|
Batting: LHB Harold Perkins
|
0-0: Foul Ball, location: 2F 0-1: Ball 1-1: Ball 2-1: Ground out 4-3 (Groundball, 4, EV 89.4 MPH) Victor Gavidia scores
|
|
Batting: LHB David Lanning
|
0-0: Foul Ball, location: 2F 0-1: SINGLE (Groundball, 3D, EV 95.0 MPH)
|
|
Batting: RHB Orlando Mercado
|
0-0: Ball 1-0: Called Strike 1-1: Ball 2-1: Called Strike 2-2: Strikes out swinging
|
| Bottom of the 5th over - 1 run, 2 hits, 0 errors, 1 left on base; Stockton 3 - Stockton 1 |
| TOP OF THE 6TH |
|
Stockton Ports batting - Pitching for Stockton Mariners : LHP Randy Ford
|
|
Batting: SHB Jose Mercado
|
0-0: Called Strike 0-1: Fly out, F8 (Flyball, 8RXD, EV 96.3 MPH)
|
|
Batting: RHB Chris Sabo
|
0-0: Called Strike 0-1: Ball 1-1: Ball 2-1: DOUBLE (Line Drive, 78M, EV 90.0 MPH)
|
|
Batting: RHB Timothy Presko
|
0-0: Ball 1-0: Fly out, F8 (Flyball, 89M, EV 93.1 MPH)
|
|
Batting: SHB Mike Hennessy
|
0-0: Ball 1-0: Foul Ball, location: 2F 1-1: Called Strike 1-2: Reached on error, E5 (Groundball, 5S, EV 61.9 MPH) Chris Sabo to third
|
|
Batting: RHB Ramon Valdez
|
0-0: Ball 1-0: Ball 2-0: SINGLE (Line Drive, 78S, EV 87.5 MPH) Chris Sabo scores Mike Hennessy to second
|
|
Batting: LHB Daniel Hoskins
|
0-0: Called Strike 0-1: Ball 1-1: SINGLE (Groundball, 34S, EV 70.6 MPH) (infield hit) Mike Hennessy to third Ramon Valdez to second
|
|
Batting: RHB Pasquale Raimondo
|
0-0: Called Strike 0-1: Ball 1-1: Foul Ball, location: 2F 1-2: Reached on error, E6 (Groundball, 6, EV 81.3 MPH) Mike Hennessy scores Ramon Valdez to third Daniel Hoskins to second
|
|
Batting: SHB Tracy Edwards
|
0-0: Called Strike 0-1: Ball 1-1: Called Strike 1-2: Ball 2-2: Ball 3-2: Foul Ball, location: 2F 3-2: Foul Ball, location: 2F 3-2: Foul Ball, location: 2F 3-2: Strikes out swinging
|
| Top of the 6th over - 2 runs, 3 hits, 2 errors, 3 left on base; Stockton 5 - Stockton 1 |
| BOTTOM OF THE 6TH |
|
Stockton Mariners batting - Pitching for Stockton Ports : LHP Juan Corrales
|
|
Batting: LHB David Cawthon
|
0-0: Called Strike 0-1: Ground out U3 (Groundball, 34, EV 86.3 MPH)
|
|
Batting: LHB Joe Perna
|
0-0: Called Strike 0-1: Ball 1-1: Ball 2-1: Ball 3-1: Foul Ball, location: 2F 3-2: Base on Balls
|
|
Batting: SHB Eddie Tanner
|
0-0: Called Strike 0-1: Ground out 6-3 (Groundball, 6, EV 81.3 MPH) Joe Perna to second
|
|
Batting: RHB Robert Silverman
|
0-0: Ground out 6-3 (Groundball, 6, EV 106.9 MPH)
|
| Bottom of the 6th over - 0 runs, 0 hits, 0 errors, 1 left on base; Stockton 5 - Stockton 1 |
| TOP OF THE 7TH |
|
Stockton Ports batting - Pitching for Stockton Mariners : LHP Randy Ford
|
|
Pitching: LHP Dan Weppner
|
|
|
Batting: LHB Christopher O'Brien
|
0-0: Ball 1-0: Swinging Strike 1-1: Ball 2-1: Ball 3-1: Foul Ball, location: 2F 3-2: Strikes out swinging
|
|
Batting: SHB Jose Mercado
|
0-0: SINGLE (Line Drive, 8LS, EV 92.5 MPH)
|
|
Batting: RHB Chris Sabo
|
0-0: SINGLE (Groundball, 6MD, EV 101.9 MPH) Jose Mercado to second
|
|
Batting: RHB Timothy Presko
|
0-0: Ball 1-0: Ball 2-0: Called Strike 2-1: Foul Ball, location: 2F 2-2: Foul Ball, location: 2F 2-2: SINGLE (Flyball, 9S, EV 83.1 MPH) Jose Mercado to third Chris Sabo to second
|
|
Batting: SHB Mike Hennessy
|
0-0: Ball 1-0: Swinging Strike 1-1: Grounds into double play, 5-4-3 (Groundball, 56, EV 90.6 MPH)
|
| Top of the 7th over - 0 runs, 3 hits, 0 errors, 2 left on base; Stockton 5 - Stockton 1 |
| BOTTOM OF THE 7TH |
|
Stockton Mariners batting - Pitching for Stockton Ports : LHP Juan Corrales
|
|
Batting: LHB Victor Gavidia
|
0-0: Called Strike 0-1: Ball 1-1: Ball 2-1: Ground out 5-3 (Groundball, 5, EV 89.4 MPH)
|
|
Batting: RHB Brian Greer
|
0-0: Called Strike 0-1: Ball 1-1: Ground out 6-3 (Groundball, 6, EV 102.5 MPH)
|
|
Batting: LHB Harold Perkins
|
0-0: Called Strike 0-1: Foul Ball, location: 2F 0-2: SINGLE (Line Drive, 8RS, EV 112.5 MPH)
|
|
Batting: LHB David Lanning
|
0-0: Foul Ball, location: 2F 0-1: Fly out, F9 (Line Drive, 9, EV 91.9 MPH)
|
| Bottom of the 7th over - 0 runs, 1 hit, 0 errors, 1 left on base; Stockton 5 - Stockton 1 |
| TOP OF THE 8TH |
|
Stockton Ports batting - Pitching for Stockton Mariners : LHP Dan Weppner
|
|
Batting: RHB Ramon Valdez
|
0-0: Ball 1-0: Ball 2-0: Ball 3-0: Base on Balls
|
|
Batting: LHB Daniel Hoskins
|
0-0: Called Strike 0-1: Ball 1-1: Ball Ramon Valdez is caught stealing 2nd base 2-6 2-1: Swinging Strike 2-2: Fly out, F8 (Line Drive, 8RM, EV 99.4 MPH)
|
|
Batting: RHB Pasquale Raimondo
|
0-0: Foul Ball, location: 2F 0-1: Ball 1-1: Ball 2-1: Ball 3-1: Swinging Strike 3-2: Foul Ball, location: 2F 3-2: Base on Balls
|
|
Batting: SHB Tracy Edwards
|
0-0: Called Strike 0-1: Ball 1-1: Fly out, F8 (Line Drive, 8RD, EV 98.8 MPH)
|
| Top of the 8th over - 0 runs, 0 hits, 0 errors, 1 left on base; Stockton 5 - Stockton 1 |
| BOTTOM OF THE 8TH |
|
Stockton Mariners batting - Pitching for Stockton Ports : LHP Juan Corrales
|
|
Batting: RHB Orlando Mercado
|
0-0: Called Strike 0-1: Ball 1-1: Fly out, F7 (Flyball, 78D, EV 85.6 MPH)
|
|
Batting: LHB David Cawthon
|
0-0: Ball 1-0: Called Strike 1-1: Called Strike 1-2: Ball 2-2: Ball 3-2: Foul Ball, location: 2F 3-2: Base on Balls
|
|
Batting: LHB Joe Perna
|
0-0: Ball 1-0: Called Strike 1-1: Ball 2-1: Fielders Choice at 2nd, 3-6 (Groundball, 3, EV 88.1 MPH)
|
|
Batting: SHB Eddie Tanner
|
0-0: Called Strike 0-1: DOUBLE (Line Drive, 78D, EV 107.5 MPH) Joe Perna to third Runner from 3rd tries for Home, SAFE, throw by LF to home
|
|
Pitching: RHP Miguel Monrroy
|
|
|
Batting: RHB Robert Silverman
|
0-0: Swinging Strike 0-1: Ball 1-1: Foul Ball, location: 2F 1-2: Foul Ball, location: 2F 1-2: Ball 2-2: Strikes out swinging
|
| Bottom of the 8th over - 1 run, 1 hit, 0 errors, 1 left on base; Stockton 5 - Stockton 2 |
| TOP OF THE 9TH |
|
Stockton Ports batting - Pitching for Stockton Mariners : LHP Dan Weppner
|
|
Batting: LHB Christopher O'Brien
|
0-0: Ball 1-0: Called Strike 1-1: Ball 2-1: Ball 3-1: Called Strike 3-2: Base on Balls
|
|
Batting: SHB Jose Mercado
|
0-0: Called Strike 0-1: Ball 1-1: Ball 2-1: Ball 3-1: Sac Bunt to 2R - play at first, batter OUT! 2-3 Christopher O'Brien to second
|
|
Batting: RHB Chris Sabo
|
0-0: Intentional Walk
|
|
Batting: RHB Timothy Presko
|
0-0: Called Strike 0-1: Swinging Strike 0-2: Strikes out swinging
|
|
Batting: SHB Mike Hennessy
|
0-0: Ball 1-0: Called Strike 1-1: Foul Ball, location: 2F 1-2: Foul Ball, location: 2F 1-2: Fielders Choice at 2nd, 6-4 (Groundball, 6, EV 85.6 MPH)
|
| Top of the 9th over - 0 runs, 0 hits, 0 errors, 2 left on base; Stockton 5 - Stockton 2 |
| BOTTOM OF THE 9TH |
|
Stockton Mariners batting - Pitching for Stockton Ports : RHP Miguel Monrroy
|
|
Now at 1B: Randy Guerra
|
|
|
Now in RF: Eddie Lee
|
|
|
Batting: LHB Victor Gavidia
|
0-0: Ground out 4-3 (Groundball, 4, EV 89.4 MPH)
|
|
Batting: RHB Brian Greer
|
0-0: Ball 1-0: Ball 2-0: Ball 3-0: Called Strike 3-1: Base on Balls
|
|
Batting: LHB Harold Perkins
|
0-0: Swinging Strike 0-1: Ball 1-1: Fielders Choice at 2nd, 4-6 (Groundball, 4, EV 91.9 MPH)
|
|
Batting: LHB David Lanning
|
0-0: Ball 1-0: SINGLE (Groundball, 15S, EV 65.6 MPH) (infield hit) Harold Perkins to second
|
|
Pinch Hitting: LHB Marvin Ward
|
0-0: Called Strike 0-1: Ball 1-1: Called Strike 1-2: Ball 2-2: Strikes out swinging
|
| Bottom of the 9th over - 0 runs, 1 hit, 0 errors, 2 left on base; Stockton 5 - Stockton 2 |
|